 Dungeon Crawl Stone Soup version 0.23.2-1-ga50397a6bc (webtiles) character file.

Game seed: 6364844973243320196

133 Peloso the Shield-Bearer (level 4, -11/40 HPs)
             Began as a Minotaur Fighter on Apr 25, 2019.
             Killed by divine providence
             ... invoked by an orc priest
              (13 damage)
             ... on level 3 of the Dungeon.
             The game lasted 00:03:59 (1640 turns).

Peloso the Shield-Bearer (Minotaur Fighter)         Turns: 1640, Time: 00:04:00

Health: -11/40     AC:  9    Str: 21    XL:     4   Next: 93%
Magic:  3/3        EV:  5    Int:  5    God:
Gold:   94         SH:  0    Dex: 10    Spells: 3/3 levels left

rFire    + . .     SeeInvis .   a - +0 long sword
rCold    x . .     Gourm    +   c - +0 shield
rNeg     . . .     Faith    .   h - +0 chain mail (curse)
rPois    +         Spirit   .   (helmet restricted)
rElec    .         Reflect  .   (no cloak)
rCorr    .         Harm     .   (no gloves)
MR       .....                  (no boots)
Stlth    ..........             n - amulet of the gourmand
HPRegen  0.13/turn              i - ring of fire
MPRegen  0.08/turn              q - ring of poison resistance

@: confused, flying, hasted, very quick
A: retaliatory headbutt, horns 2
a: no special abilities


You were on level 3 of the Dungeon.
You were hungry.

You visited 1 branch of the dungeon, and saw 3 of its levels.

You collected 94 gold pieces.

Inventory:

Hand Weapons
 a - a +0 long sword (weapon)
Armour
 b - a +0 scale mail
 c - a +0 shield (worn)
 h - a cursed +0 chain mail (worn)
Jewellery
 i - a ring of fire (left hand)
 n - an amulet of the gourmand (around neck)
 o - an uncursed ring of magical power
 q - a ring of poison resistance (right hand)
Scrolls
 k - a scroll of amnesia {unknown}
 l - a scroll of enchant weapon {unknown}
 m - a scroll of remove curse {unknown}
 p - a scroll of identify {unknown}
 r - a scroll of enchant armour {unknown}
Potions
 d - a potion of might
 e - 2 potions of flight
 j - a potion of heal wounds {unknown}
Comestibles
 f - 4 rations


   Skills:
 + Level 4.3 Fighting
 + Level 3.9 Long Blades
 + Level 4.4 Armour
 + Level 0.3 Dodging
 + Level 4.9 Shields


You had 3 spell levels left.
You didn't know any spells.
Your spell library was empty.

Dungeon Overview and Level Annotations

Branches:
Dungeon (3/15)

Altars:
Wu Jian


Innate Abilities, Weirdness & Mutations

You reflexively headbutt those who attack you in melee.
You have a pair of horns on your head.


Message History

Unknown command.
You bump into the rock wall.
Something hits you but does no damage.
The orc priest mumbles some strange prayers to Beogh against you.
Something writhes in agony.
You're too confused to move!
Something hits you but does no damage.
The orc priest invokes the aid of Beogh against you.
You bump into the rock wall.
Something hits you but does no damage.
You bump into the rock wall.
Something hits you but does no damage.
The orc priest miscasts a cantrip.
It was a potion of flight.
You feel very buoyant.
You fly up into the air.
Something hits you but does no damage.
The orc priest invokes the aid of Beogh against you.
Beogh smites you!
* * * LOW HITPOINT WARNING * * *
It was a potion of haste.
You feel yourself speed up. Something hits you but does no damage.
The orc priest mumbles some strange prayers to Beogh against you.
Beogh smites you!
You die...

...## #.## #.##
...# ...# ...#
# #.## .#.# ..#
########o...##
#.#
#.....@{o.....
#.#
#.######o##...
#.# #.# # #.#
###.###### #.#
#.......... #[#
##.#.######.
#.# ##.#..#
#.#####.###....
.......##
##.###


You could see an orc priest and 2 orcs.

Vanquished Creatures
  3 gnolls (D:2)
  2 adders (D:2)
  A worm (D:2)
  3 leopard geckos
  5 orcs (D:3)
  2 giant cockroaches
  8 goblins
  8 hobgoblins
  8 jackals
  11 kobolds
  2 quokkas
  2 bats
  6 frilled lizards
  9 rats
70 creatures vanquished.

Notes
Turn   | Place    | Note
-------+----------+-------------------------------------------
     0 | D:1      | Peloso the Minotaur Fighter began the quest for the Orb.
     0 | D:1      | Reached XP level 1. HP: 19/19 MP: 0/0
    70 | D:1      | Reached XP level 2. HP: 22/27 MP: 1/1
   433 | D:1      | Reached XP level 3. HP: 29/33 MP: 2/2
   622 | D:2      | Reached XP level 4. HP: 15/40 MP: 3/3
  1209 | D:2      | Found an ornate altar of the Wu Jian Council.
  1485 | D:2      | Found a faded altar of an unknown god.
  1639 | D:3      | HP: 2/40 [orc priest/divine providence (14)]
  1640 | D:3      | Killed from afar by an orc priest

Skill      XL: |  1  2  3 |
---------------+----------+-----
Shields        | 4 |  4.9
Fighting       | 4 |  4.3
Long Blades    | 3 |  3.9
Armour         | 4 |  4.4
Dodging        | |  0.3

Action                   |  1- 3 |  4- 6 || total
-------------------------+-------+-------++-------
Melee: Long sword        |    84 |    88 ||   172
       Headbutt          |     6 |     9 ||    15
  Use: Potion            |       |     2 ||     2
  Eat: Chunk             |       |     2 ||     2
Armor: Scale mail        |     6 |       ||     6
       Chain mail        |    47 |    68 ||   115
Dodge: Dodged            |    32 |    27 ||    59
Block: Shield            |    62 |    46 ||   108
       Rpst.: Long sword |     8 |     6 ||    14
